 Dungeon Crawl Stone Soup version 0.28.0 (webtiles) character file.

Game seed: 11152628487569252785

86 spaghetti the Caller (level 4, 0/27 HPs)
             Began as an Octopode Summoner on Feb 18, 2022.
             Slain by an endoplasm (2 damage)
             ... on level 4 of the Dungeon.
             The game lasted 00:05:01 (2533 turns).

spaghetti the Caller (Octopode Summoner)            Turns: 2533, Time: 00:05:01

Health: 0/27       AC:  1    Str:  7    XL:     4   Next: 50%
Magic:  2/7        EV: 13    Int: 19    God:
Gold:   58         SH:  0    Dex: 12    Spells: 1/7 levels left

rFire   . . .      SeeInvis .   b - +4 whip
rCold   . . .      Faith    .   (no shield)
rNeg    . . .      Spirit   .   (helmet restricted)
rPois   .          Reflect  .   (no amulet)
rElec   .          Harm     .   (no ring)
rCorr   .          Rampage  .   (no ring)
Will    .....                   (no ring)
Stlth   +++.......              (no ring)
HPRegen 0.09/turn               (no ring)
MPRegen 0.10/turn               (no ring)
                                (no ring)
                                (no ring)

@: no status effects
A: almost no armour, amphibious, 8 rings, camouflage 1, gelatinous body 1,
(nimble swimmer 1), tentacles
a: no special abilities


You were on level 4 of the Dungeon.
You visited 1 branch of the dungeon, and saw 5 of its levels.

You collected 58 gold pieces.

Inventory:

Hand Weapons
 b - a +4 whip (weapon)
Jewellery
 e - a ring of protection from fire
 g - a ring of wizardry
Wands
 c - a wand of paralysis (7)
Scrolls
 f - 2 scrolls of identify {unknown}
 h - a scroll of fear {unknown}


   Skills:
 + Level 1.6 Maces & Flails
 - Level 2.0 Dodging
 - Level 2.6 Stealth
 - Level 2.0 Spellcasting
 + Level 5.4 Summonings


You had one spell level left.
You knew the following spells:

 Your Spells              Type           Power      Damage    Failure   Level
a - Summon Small Mammal   Summ           88%        N/A       1%          1
b - Call Imp              Summ           22%        N/A       2%          2
c - Call Canine Familiar  Summ           22%        N/A       5%          3

Your spell library contained the following spells:

 Spells                   Type           Power      Damage    Failure   Level
 Beastly Appendage        Tmut           2%         N/A       17%         1
 Summon Guardian Golem    Hex/Summ       12%        N/A       17%         3
 Corpse Rot               Necr/Air       2%         N/A       26%         2
 Poisonous Vapours        Pois/Air       2%         N/A       26%         2
 Wereblood                Tmut           1%         N/A       26%         2
 Spider Form              Tmut/Pois      1%         N/A       45%         3
 Summon Lightning Spire   Summ/Air       12%        N/A       50%         4


Dungeon Overview and Level Annotations

Branches:
Dungeon (5/15)
 Temple: D:4-7

Altars:

Annotations:
D:3 Grinder


Innate Abilities, Weirdness & Mutations

You cannot wear most types of armour.
You are amphibious.
You can wear up to eight rings at the same time.
Your skin changes colour to match your surroundings (Stealth+).
Your rubbery body absorbs attacks. (AC +1, EV +1)
((You are camouflaged when in or above water. (Stealth+)))
You have tentacles for arms and can constrict up to eight enemies at once.


Message History

Confirm with . or Enter, or press ? or * to list all spells.
You don't have enough magic to cast this spell.
Unknown command.
You barely miss Grinder. You grab Grinder.
Grinder is lightly wounded.
You constrict Grinder, but do no damage.
Grinder gestures at you. Pain shoots through your body!
Ouch! That really hurt!
Unknown command.
You aren't carrying any potions.
Okay, then.
You hit Grinder.
You tentacle-slap Grinder, but do no damage.
Grinder is lightly wounded.
You constrict Grinder.
Your hound bites Grinder.
Your hound barely misses Grinder.
Grinder gestures at you.
You suddenly lose the ability to move!
You lose your grip on Grinder.
Your hound bites Grinder.
Grinder hits you!
* * * LOW HITPOINT WARNING * * *
You writhe in agony.
* * * LOW HITPOINT WARNING * * *
You can move again.
Unknown command.
Your hound bites Grinder but does no damage.
Your hound bites Grinder.
Grinder says, "DUCK!"
Grinder hits your hound.
Your hound writhes in agony.
Your hound bites Grinder.
Grinder hits your hound.
Your hound writhes in agony.
Your hound bites Grinder.
Your hound misses Grinder. Grinder barely misses your hound.
Your hound bites Grinder.
Grinder hits your hound!
Your hound dies!
Your hound's corpse disappears in a puff of smoke!
There is a stone staircase leading down here.
You climb downwards.
The endoplasm hits you.
* * * LOW HITPOINT WARNING * * *
The endoplasm hits you.
You die...

#......!....
#..........#
#..........#
#........J.#
.........
......
#..#####
##......##
#>..@....#
#..s..J....#
#..........#
#...?......#
#..........#
#..........#
##........##
#........#


You could see a scorpion and an endoplasm.

Vanquished Creatures
  An adder (D:3)
  A worm (D:2)
  2 bats
  2 endoplasms
  3 hobgoblins
  2 jackals (D:2)
  2 kobolds
  4 quokkas
  5 ball pythons
  A frilled lizard (D:1)
  A goblin (D:1)
  3 rats (D:2)
27 creatures vanquished.

Vanquished Creatures (collateral kills)
  Jessica (D:3)
  A dart slug (D:2)
  A hobgoblin (D:3)
  5 jackals (D:2)
  2 ball pythons (D:1)
  2 bats
  A frilled lizard (D:1)
  2 kobolds
  A rat (D:1)
16 creatures vanquished.

Grand Total: 43 creatures vanquished

Notes
Turn   | Place    | Note
-------+----------+-------------------------------------------
     0 | D:1      | spaghetti the Octopode Summoner began the quest for the
                  | Orb.
     0 | D:1      | Reached XP level 1. HP: 11/11 MP: 3/3
   460 | D:1      | Reached XP level 2. HP: 12/17 MP: 3/5
  1254 | D:2      | Reached XP level 3. HP: 21/21 MP: 3/6
  1288 | D:2      | Reached skill level 5 in Summonings
  1504 | D:2      | Learned a level 2 spell: Call Imp
  1508 | D:2      | Learned a level 3 spell: Call Canine Familiar
  2120 | D:3      | Reached skill level 1 in Maces & Flails
  2120 | D:3      | Reached XP level 4. HP: 22/27 MP: 7/7
  2176 | D:3      | Noticed Jessica
  2181 | D:3      | Killed Jessica
  2336 | D:3      | You fall into a shaft and drop 2 floors!
  2336 | D:5      | Entered Level 5 of the Dungeon
  2338 | D:5      | Noticed a water moccasin
  2363 | D:4      | Noticed a scorpion
  2503 | D:3      | Noticed Grinder
  2526 | D:3      | Paralysed by Grinder for 2 turns
  2533 | D:4      | Slain by an endoplasm

Illustrated notes

Levels and vault maps discovered:
D:1:      dpeg_arrival_long_road, layout_loops_cross,
          shapermc_ecumenical_altar_mp_vishouse, hex_tiny
D:2:      layout_basic, corexii_item_surrounded_by_moat,
          corexii_item_surrounded_by_moat
D:3:      layout_basic, uniq_grinder, uniq_jessica
D:4:      layout_rooms, serial_shops, shop
D:5:      layout_rooms, serial_shops, nicolae_stop_n_shop_2

Skill      XL: |  1  2  3 |
---------------+----------+-----
Summonings     | 5 |  5.4
Maces & Flails | 1 |  1.6
Dodging        | |  2.0
Stealth        | |  2.6
Spellcasting   | |  2.0

Action                   |  1- 3 |  4- 6 || total
-------------------------+-------+-------++-------
Melee: Unarmed           |    55 |       ||    55
       Constrict         |    21 |     3 ||    24
       Tentacles         |    16 |       ||    16
       Whip              |    19 |     8 ||    27
       Punch             |       |     2 ||     2
 Cast: Summon Small Mamm |    28 |       ||    28
       Call Canine Famil |     1 |     4 ||     5
       Call Imp          |     1 |     3 ||     4
  Use: Potion            |     4 |     1 ||     5
 Stab: Sleeping          |     8 |       ||     8
       Distracted        |     1 |       ||     1
Armor: Skin              |    16 |       ||    16
Dodge: Dodged            |    61 |     2 ||    63
